 Seeded DCSS version 0.30.0-10-gfe55d96785 (webtiles) character file.

Game seed: 10090500252402427320 (custom seed)

1 GigaChad the Firebug (level 1, -1/9 HPs)
             Began as a Vine Stalker Fire Elementalist on May 15, 2023.
             Slain by a kobold
             ... wielding a +0 short sword
              (4 damage)
             ... on level 1 of the Dungeon.
             The game lasted 00:00:51 (73 turns).

GigaChad the Firebug (Vine Stalker Fire Elementalist) Turns: 73, Time: 00:00:51

Health: -1/9       AC:  2    Str: 10    XL:     1   Next: 20%
Magic:  0/4        EV: 12    Int: 15    God:
Gold:   0          SH:  0    Dex: 14    Spells: 3/4 levels left

rFire   . . .        (no weapon)
rCold   . . .        (no shield)
rNeg    . . .        a - +0 robe
rPois   .            (no helmet)
rElec   .            (no cloak)
rCorr   .            (no gloves)
SInv    .            (no boots)
Will    .....        (no amulet)
Stlth   ++           (no ring)
HPRegen 0.21/turn    (no ring)
MPRegen 0.09/turn

%: guardian spirit
@: no status effects
A: fangs 2, magic shield, antimagic bite, no potion heal 2
a: no special abilities


You were on level 1 of the Dungeon.
You visited 1 branch of the dungeon, and saw 1 of its levels.

Inventory:

Armour
 a - a +0 robe (worn)
Potions
 b - a potion of magic
 c - a potion of flight {unknown}


   Skills:
 + Level 1.5 Dodging
 + Level 2.4 Stealth
 * Level 2.3 Spellcasting
 - Level 1.0 Conjurations
 * Level 3.0 Fire Magic


You had 3 spell levels left.
You knew the following spells:

 Your Spells              Type           Power      Damage    Failure   Level
a - Foxfire               Conj/Fire      28%        2x1d5     10%         1

Your spell library contained the following spells:

 Spells                   Type           Power      Damage    Failure   Level
 Scorch                   Fire           20%        2d5       10%         2
 Inner Flame              Hex/Fire       6%         N/A       34%         3
 Volatile Blastmotes      Fire/Tloc      12%        2d11      34%         3
 Flame Wave               Conj/Fire      7%         2d5       67%         4


Dungeon Overview and Level Annotations

Branches:
Dungeon (1/15)

Altars:


Innate Abilities, Weirdness & Mutations

You have extremely sharp teeth.
When hurt, damage is shared between your health and your magic reserves.
Your bite disrupts and absorbs the magic of your enemies.
Potions cannot restore your health.


Message History

The hobgoblin shouts!
A hobgoblin is nearby!
Found 13 gold pieces.
A kobold comes into view. It is wielding a +0 short sword.
You conjure some foxfire!
The kobold shouts!
You conjure some foxfire!
The foxfire hits the hobgoblin.
The hobgoblin is moderately wounded.
Your foxfire dissipates!
The foxfire hits the hobgoblin but does no damage.
The hobgoblin is moderately wounded.
The foxfire hits the hobgoblin.
You kill the hobgoblin!
You conjure some foxfire!
Your foxfire dissipates!
A quokka comes into view.
You conjure some foxfire!
Your foxfire dissipates!
The foxfire hits the kobold but does no damage. x2
The kobold completely misses you.
The kobold hits you with a +0 short sword.
The kobold hits you with a +0 short sword.
You are out of magic!
The kobold barely misses you.
You conjure some foxfire!
The foxfire hits the quokka.
The quokka is heavily wounded.
The kobold misses you.
You are out of magic!
The foxfire hits the quokka.
The quokka is severely wounded.
The kobold closely misses you. The kobold attacks as you move away!
The kobold barely misses you. The kobold attacks as you move away!
The kobold barely misses you.
There is an empty arch of ancient stone here.
The kobold attacks as you move away! The kobold completely misses you.
The kobold attacks as you move away!
The kobold hits you with a +0 short sword.
The kobold attacks as you move away!
The kobold hits you with a +0 short sword.
You die...

##.......##
#.........#
+.........+
#.$.......# #.......#
###♣♣###### #.....#
#≈........## #.†..##
##......♣...####.#+##
##.......@K.r∩....#
##.<....^.....######
#.............#
#.......♣.....#
#♣............#
#............###
#............∩.#
#............###
#..♣...........#


You could see a quokka and a kobold.

Vanquished Creatures
  A hobgoblin (D:1)
1 creature vanquished.

Vanquished Creatures (others)
  6 foxfires (D:1)
6 creatures vanquished.

Grand Total: 7 creatures vanquished

Notes
Turn   | Place    | Note
-------+----------+-------------------------------------------
     0 | D:1      | GigaChad the Vine Stalker Fire Elementalist began the quest
                  | for the Orb.
     0 | D:1      | Reached XP level 1. HP: 9/9 MP: 4/4
    73 | D:1      | Slain by a kobold

Illustrated notes

Levels and vault maps discovered:
D:1:      nzn_arrival_settlement, layout_loops_corners, serial_bayou_ford_a,
          nicolae_kite_square_tiling_tiny

Action                     || total
---------------------------++-------
   Cast: Foxfire           ||     5
  Dodge: Dodged            ||     7
